 Dungeon Crawl Stone Soup version 0.32-a0-422-g28b100f618 (webtiles) character file.

Game seed: 8592944163908242419

3395 zenocrate the Grappler (level 9, -8/77 HPs)
             Began as a Demonspawn Delver on Feb 22, 2024.
             Was a Believer of Okawaru.
             Mangled by a gnoll sergeant
             ... wielding a +0 glaive
              (15 damage)
             ... in a bailey.
             The game lasted 00:08:40 (7428 turns).

zenocrate the Grappler (Demonspawn Delver)          Turns: 7428, Time: 00:08:41

Health: -8/77      AC:  9    Str: 14    XL:     9   Next: 75%
Magic:  9/9        EV: 11    Int: 11    God:    Okawaru [**....]
Gold:   384        SH:  0    Dex: 15    Spells: 7/8 levels left

rFire   + .          .
                       - Unarmed
rCold   . . .        (no shield)
rNeg    . . .        a - +0 leather armour
rPois   .            (no helmet)
rElec   .            d - +1 cloak {Stlth+}
rCorr   +            (no gloves)
SInv    +            p - +0 pair of boots
Will    .....        h - amulet of faith
Stlth   ++++         A - ring "Itwut" {rF+ rCorr SInv}
HPRegen 0.32/turn    (no ring)
MPRegen 0.11/turn

%: faith
@: wreathed by umbra, invisible
A: claws 1, molten scales 2, demonic magic 1, foul shadow 1, high MP 1, weak 1
a: Renounce Religion, Heroism


You were in a bailey.
You worshipped Okawaru.
Okawaru was pleased with you.
You visited 1 branch of the dungeon, and saw 7 of its levels.
You also visited: Bailey.

You collected 384 gold pieces.

Inventory:

Missiles
 n - 10 poisoned darts (quivered)
 q - 2 throwing nets
 x - 2 silver javelins
Armour
 a - a +0 leather armour (worn)
 d - a +1 cloak of stealth (worn)
 m - a +0 tower shield
 p - a +0 pair of boots (worn)
 z - an orb of guile
Jewellery
 h - an amulet of faith (around neck)
 A - the ring "Itwut" (left claw) {rF+ rCorr SInv}
   (You found it on level 6 of the Dungeon)

   [ring of see invisible]

   rF+:       It protects you from fire.
   SInv:      It lets you see invisible.
   rCorr:     It protects you from acid and corrosion.
Wands
 f - a wand of digging (2)
 g - a wand of paralysis (7)
 r - a wand of light (8)
 v - a wand of iceblast (4)
 B - a wand of polymorph (10)
Scrolls
 b - a scroll of fog
 c - 2 scrolls of revelation
 k - a scroll of poison
 l - a scroll of blinking
 o - a scroll of immolation {unknown}
 t - a scroll of enchant weapon {unknown}
 u - a scroll of silence {unknown}
 w - a scroll of amnesia {unknown}
Potions
 e - a potion of haste
 i - a potion of attraction
 j - a potion of invisibility
 s - a potion of enlightenment


   Skills:
 + Level 9.4 Fighting
 - Level 1.7 Dodging
 - Level 4.5 Stealth
 + Level 10.0 Unarmed Combat


You had 7 spell levels left.
You knew the following spells:

 Your Spells              Type           Power      Damage    Failure   Level
m - Apportation           Tloc           0%         N/A       41%         1

Your spell library contained the following spells:

 Spells                   Type           Power      Damage    Failure   Level
 Magic Dart               Conj           0%         1d3       41%         1
 Necrotise                Necr           0%         1d4       41%         1
 Sting                    Conj/Alch      0%         1d3       41%         1
 Searing Ray              Conj           0%         2d4       56%         2
 Stone Arrow              Conj/Erth      0%         3d7       80%         3
 Fulminant Prism          Conj/Alch      0%         3d5       99%         4
 Lehudib's Crystal Spear  Conj/Erth      0%         10d2      100%        8
 Summon Small Mammal      Summ           Unusable   N/A       N/A         1
 Animate Armour           Summ/Erth      Unusable   N/A       N/A         4

Dungeon Overview and Level Annotations

Branches:
Dungeon (7/15)             Temple (0/1) D:7          Bailey (1/1)

Altars:
Dithmenos
Okawaru
Xom
Yredelemnul


Innate Abilities, Weirdness & Mutations

You have sharp fingernails.
You are mostly covered in molten scales. (AC +3)
Spells you cast may paralyse adjacent enemies.
You are faintly shadowed, very rarely releasing foul flame when damaged in melee.
You have an increased reservoir of magic. (+10% MP)
You are weak. (Str -2)


Message History

The gnoll sergeant hits you from afar with a +0 glaive!
The gnoll hits you with a +0 halberd.
Items here: ( ) [ †.
You are too injured to fight recklessly!
You are too injured to fight recklessly!
You closely miss the gnoll. The gnoll sergeant barely misses you.
The gnoll hits you with a +0 halberd.
Unknown command.
You scratch the gnoll.
The gnoll is lightly wounded.
The gnoll hits you with a +0 trident.
The gnoll sergeant hits you from afar with a +0 glaive!
The gnoll barely misses you.
Unknown command.
You barely miss the gnoll. Your claw misses the gnoll.
The gnoll is lightly wounded.
Unknown command.
You closely miss the gnoll.
The gnoll is lightly wounded.
The gnoll sergeant barely misses you. The gnoll closely misses you.
The gnoll hits you with a +0 trident.
* * * LOW HITPOINT WARNING * * *
Unknown command.
Unknown command.
Okay, then.
You fail to use your ability.
The gnoll hits you but does no damage. The gnoll hits you with a +0 halberd!
* * * LOW HITPOINT WARNING * * *
The gnoll sergeant hits you from afar with a +0 glaive.
* * * LOW HITPOINT WARNING * * *
Unknown command.
Unknown command.
You fade into invisibility!
The gnoll barely misses you. The gnoll closely misses you.
The gnoll sergeant closely misses you.
Unknown command.
You closely miss the gnoll.
The gnoll is lightly wounded.
The gnoll sergeant hits you from afar with a +0 glaive!
You die...

..≈≈♣♣ #..≈.♣ #..≈.♣♣
#..≈..♣ #### #..≈..♣
##...# #..≈..♣♣
##.....######..≈...♣♣
#...$...#...'.†.....♣♣♣#
+...ß.g@g...').....∩..∩#
#...$...#...'..)....♣♣♣#
##....g######..≈...♣♣
##...# #..≈...♣ ####
#..≈...♣ #..≈..♣♣
#..≈.♣♣ #..≈.♣ ..≈≈♣♣


You could see a gnoll sergeant (unable to see you) and 2 gnolls.

Vanquished Creatures
  Jeremiah (D:6)
  Grinder (D:5)
  Menkaure (D:4)
  Edmund (D:4)
  4 water moccasins
  A sky beast (D:6)
  2 black bears
  An ice beast (D:6)
  A centaur (D:7)
  3 phantoms
  A scorpion (D:4)
  2 bombardier beetles
  8 crimson imps (D:6)
  3 orc priests
  Crazy Yiuf (D:4)
  7 hounds
  2 jellies
  A gnoll bouda (D:7)
  5 iguanas (D:6)
  Natasha (thrice) (D:4)
  4 orc wizards
  11 gnolls
  14 adders
  A shadow imp (D:6)
  3 white imps (D:6)
  A ribbon worm (D:3)
  5 dart slugs
  15 orcs
  6 ball pythons
  2 bats
  8 endoplasms
  6 giant cockroaches
  14 goblins
  3 hobgoblins
  3 jackals (D:4)
  5 quokkas
  5 frilled lizards
  8 kobolds
  4 rats
167 creatures vanquished.

Notes
Turn   | Place    | Note
-------+----------+-------------------------------------------
     0 | D:5      | zenocrate the Demonspawn Delver began the quest for the
                  | Orb.
     0 | D:5      | Reached XP level 1. HP: 18/18 MP: 1/1
    34 | D:5      | Noticed a phantom
   154 | D:5      | Reached skill level 2 in Unarmed Combat
   154 | D:5      | Gained mutation: You are partially covered in molten
                  | scales. (AC +2) [demonic ancestry]
   154 | D:5      | Reached XP level 2. HP: 16/24 MP: 2/2
   220 | D:5      | Noticed a water moccasin
   231 | D:4      | Noticed a scorpion
   247 | D:4      | Reached skill level 3 in Unarmed Combat
   328 | D:4      | Gained mutation: You are mostly covered in molten scales.
                  | (AC +3) [demonic ancestry]
   328 | D:4      | Reached XP level 3. HP: 17/29 MP: 3/3
   539 | D:4      | Noticed Menkaure
   552 | D:4      | Killed Menkaure
   553 | D:4      | Reached skill level 5 in Unarmed Combat
   553 | D:4      | Reached XP level 4. HP: 35/35 MP: 4/4
   553 | D:4      | Reached XP level 5. HP: 41/41 MP: 5/5
  1046 | D:1      | Learned a level 1 spell: Apportation
  1211 | D:1      | Gained mutation: You have sharp fingernails. [demonic
                  | ancestry]
  1211 | D:1      | Reached XP level 6. HP: 43/47 MP: 6/6
  1983 | D:2      | Found a faded altar of an unknown god.
  2347 | D:3      | Reached skill level 6 in Unarmed Combat
  3124 | D:4      | Gained mutation: You are faintly shadowed, very rarely
                  | releasing foul flame when damaged in melee. [demonic
                  | ancestry]
  3124 | D:4      | Reached XP level 7. HP: 14/54 MP: 7/7
  3325 | D:4      | Noticed Edmund
  3336 | D:4      | Noticed Natasha
  3357 | D:4      | Killed Edmund
  3365 | D:4      | Killed Natasha
  3492 | D:4      | Noticed Natasha
  3500 | D:4      | Killed Natasha
  3578 | D:4      | Noticed Natasha
  3595 | D:4      | Killed Natasha
  3693 | D:4      | Reached skill level 5 in Fighting
  3859 | D:4      | Reached skill level 7 in Unarmed Combat
  3901 | D:4      | Found a runed translucent door.
  3902 | D:4      | Noticed Crazy Yiuf
  4352 | D:4      | Killed Crazy Yiuf
  4591 | D:5      | Reached XP level 8. HP: 47/64 MP: 8/8
  5084 | D:5      | Noticed Grinder
  5101 | D:5      | Killed Grinder
  5134 | D:5      | Reached skill level 8 in Unarmed Combat
  5183 | D:5      | Found a shimmering altar of Xom.
  5438 | D:5      | Found a basalt altar of Yredelemnul.
  5554 | D:6      | Found an iron altar of Okawaru.
  5793 | D:6      | Became a worshipper of Warmaster Okawaru
  5968 | D:6      | Noticed Jeremiah
  5969 | D:6      | Found a shadowy altar of Dithmenos.
  6052 | D:6      | Killed Jeremiah
  6052 | D:6      | Reached * piety under Okawaru
  6053 | D:6      | Gained mutation: Spells you cast may paralyse adjacent
                  | enemies. [demonic ancestry]
  6053 | D:6      | Reached XP level 9. HP: 26/71 MP: 9/9
  6222 | D:6      | Reached skill level 9 in Unarmed Combat
  6287 | D:6      | Identified the ring "Itwut" {rF+ rCorr SInv}
  6662 | D:6      | Reached ** piety under Okawaru
  6908 | D:6      | Gained mutation: You have very sharp fingernails. [potion
                  | of mutation]
  6908 | D:6      | Gained mutation: Your body sometimes deteriorates upon
                  | taking damage. [potion of mutation]
  6908 | D:6      | Gained mutation: Your muscles are strong. (Str +4, Int/Dex
                  | -1) [potion of mutation]
  6909 | D:6      | Lost mutation: You have very sharp fingernails. [potion of
                  | mutation]
  6909 | D:6      | Lost mutation: Your muscles are strong. (Str +4, Int/Dex
                  | -1) [potion of mutation]
  6909 | D:6      | Lost mutation: Your body sometimes deteriorates upon taking
                  | damage. [potion of mutation]
  6909 | D:6      | Gained mutation: You are weak. (Str -2) [potion of
                  | mutation]
  6909 | D:6      | Gained mutation: You have an increased reservoir of magic.
                  | (+10% MP) [potion of mutation]
  7162 | D:7      | Found a staircase to the Ecumenical Temple.
  7182 | D:7      | Found a flagged portal.
  7196 | Bailey   | Entered a bailey
  7205 | Bailey   | Reached skill level 10 in Unarmed Combat
  7428 | Bailey   | Mangled by a gnoll sergeant

Illustrated notes

Levels and vault maps discovered:
D:1:      minmay_arrival_four_circles, layout_loops_ring
D:2:      layout_basic, nicolae_ecumenical_lake_church
D:3:      layout_basic, nicolae_grassy_gnolls
D:4:      layout_gridville, gup_sewer_entry_bowl, uniq_natasha, uniq_edmund,
          uniq_menkaure, uniq_crazy_yiuf_cottage
D:5:      layout_basic, lemuel_coloured_pillars_altar, lemuel_doored_altar,
          uniq_grinder
D:6:      minmay_razor_zed, layout_loops_cross,
          mainiacjoe_overflow_tiny_flanked, okawaru_ov_weapons_minmay,
          minmay_nine_imps, uniq_eustachio, uniq_jeremiah, uniq_maggie
D:7:      layout_cave_pools, lemuel_tele_altar, minmay_temple_entry_steel_oval,
          enter_bailey_5, minmay_hedge_maze, kennysheep_flooded_box,
          chequers_serial_rivers_micro_c, uniq_pikel, uniq_prince_ribbit1
Bailey:   bailey_polearm_gnolls_kennysheep, bailey

Skill      XL: |  1  2  3  4  5  6  7  8  9 |
---------------+----------------------------+-----
Unarmed Combat | 2 3 5 6 7 8 10 | 10.0
Fighting       | 4 5 8 9 |  9.4
Dodging        | |  1.7
Stealth        | |  4.5

Action                     |  1- 3 |  4- 6 |  7- 9 || total
---------------------------+-------+-------+-------++-------
  Melee: Unarmed           |    54 |   197 |   402 ||   653
         Punch             |     3 |     3 |    16 ||    22
  Evoke: Wand              |     1 |       |     9 ||    10
    Use: Scroll            |       |     5 |     5 ||    10
         Potion            |       |       |     5 ||     5
   Stab: Sleeping          |     2 |     8 |     9 ||    19
         Paralysed         |     8 |       |     8 ||    16
         Invisible         |       |       |     2 ||     2
 Armour: Leather armour    |    30 |    98 |   290 ||   418
  Dodge: Dodged            |    33 |   103 |   278 ||   414

Table legend: (Time is in decaauts)
 A = Elapsed time spent in this place.
 B = Non-inter-level travel time spent in this place.
 C = Inter-level travel time spent in this place.
 D = Time resting spent in this place.
 E = Time spent auto-exploring this place.
 F = Levels seen in this place.
 G = Mean time per level.
                   A        B        C        D        E       F      G
               +--------+--------+--------+--------+--------+-----+--------+
         Total |   7356 |   6909 |    447 |    206 |   5270 |   8 |  919.5 |
       Dungeon |   7129 |   6682 |    447 |    206 |   5074 |   7 | 1018.4 |
        Bailey |    227 |    227 |      0 |      0 |    196 |   1 |  227.0 |
               +--------+--------+--------+--------+--------+-----+--------+

Top non-repeatable levels by time:
     D:4: 1661 daAuts
     D:5: 1335 daAuts
     D:6: 1300 daAuts
     D:3: 987 daAuts
     D:1: 864 daAuts
     D:2: 767 daAuts
  Bailey: 227 daAuts
     D:7: 211 daAuts
